[Event "79th ARM-ch 2019"]
[Site "Yerevan"]
[Date "2019.01.12"]
[Round "1"]
[White "Petrosyan, Manuel"]
[Black "Hakobyan, Aram"]
[Result "1/2-1/2"]
[ECO "A28"]
[WhiteElo "2579"]
[BlackElo "2545"]
[Annotator "ChessBase"]
[PlyCount "98"]
[EventDate "2019.01.12"]
[EventType "tourn"]
[EventCountry "ARM"]
[SourceTitle "playchess.com"]
[Source "ChessBase"]
[SourceQuality "1"]
[TimeControl "40/5400+30:1800+30"]

1. c4 Nf6 2. Nc3 e5 3. Nf3 Nc6 4. e3 Bb4 5. Qc2 O-O 6. Nd5 Re8 7. Qf5 d6 8. Nxf6+ Qxf6 9. Qxf6 gxf6 10. a3 Bc5 11. d3 a5 12. b3 Be6 13. Bb2 d5 14. Rc1 Ba7 15. Be2 Rad8 16. cxd5 Bxd5 17. Bd1 f5 18. Ke2 f6 19. Nd2 Rd7 20. Rg1 Red8 21. Bc2 f4 22. g3 fxg3 23. fxg3 f5 24. Rcf1 Rf7 25. Nf3 Re8 26. Nh4 Be6 27. h3 Kf8 28. Nf3 f4 29. gxf4 exf4 30. e4 Bxh3 31. Rd1 Bxg1 32. Rxg1 h5 33. Kf2 Bg4 34. d4 Rd8 35. d5 Ne7 36. Ng5 c6 37. Nxf7 Kxf7 38. Bc3 b6 39. Bd4 Nxd5 40. exd5 Rxd5 41. Bc3 Rc5 42. Rc1 Rxc3 43. Bg6+ Kxg6 44. Rxc3 Bd7 45. Rd3 Be6 46. Rd6 Kf5 47. Rxc6 Bxb3 48. Rxb6 a4 49. Rh6 Ke5 1/2-1/2

[Event "79th ARM-ch 2019"]
[Site "Yerevan"]
[Date "2019.01.12"]
[Round "1"]
[White "Sargsyan, Shant"]
[Black "Petrosian, Tigran L."]
[Result "0-1"]
[ECO "D37"]
[WhiteElo "2486"]
[BlackElo "2598"]
[Annotator "ChessBase"]
[PlyCount "72"]
[EventDate "2019.01.12"]
[EventType "tourn"]
[EventCountry "ARM"]
[SourceTitle "playchess.com"]
[Source "ChessBase"]
[SourceQuality "1"]
[TimeControl "40/5400+30:1800+30"]

1. d4 d5 2. c4 e6 3. Nf3 Be7 4. Nc3 Nf6 5. Bf4 O-O 6. Rc1 b6 7. cxd5 Nxd5 8. Nxd5 Qxd5 9. a3 Bd6 10. Bxd6 cxd6 11. e3 Nd7 12. Qa4 Qa5+ 13. Qxa5 bxa5 14. Nd2 Rb8 15. Nc4 d5 16. Nxa5 Rxb2 17. Nc6 Nb6 18. Nxa7 Bd7 19. Rc7 Rb1+ 20. Ke2 Ba4 21. Rb7 Bd1+ 22. Kd2 Nc4+ 23. Bxc4 Rxb7 24. Rxd1 Rxa7 25. Bd3 Rxa3 26. Ke2 Ra2+ 27. Kf3 Rb8 28. Bb1 Rab2 29. Bd3 Ra8 30. h4 Raa2 31. Rf1 h5 32. Kg3 g6 33. Kf3 Kg7 34. Kg3 Kf6 35. Kf3 Rd2 36. Bb5 Ra3 0-1

[Event "79th ARM-ch 2019"]
[Site "Yerevan"]
[Date "2019.01.18"]
[Round "7"]
[White "Petrosian, Tigran L."]
[Black "Harutyunian, Tigran K."]
[Result "1-0"]
[ECO "C26"]
[WhiteElo "2598"]
[BlackElo "2542"]
[Annotator "ChessBase"]
[PlyCount "97"]
[EventDate "2019.01.12"]
[EventType "tourn"]
[EventCountry "ARM"]
[SourceTitle "playchess.com"]
[Source "ChessBase"]
[SourceQuality "1"]
[TimeControl "40/5400+30:1800+30"]

1. e4 e5 2. Nc3 Nf6 3. g3 d5 4. exd5 Nxd5 5. Bg2 Nxc3 6. bxc3 Bc5 7. Ne2 O-O 8. d4 Bb6 9. O-O Re8 10. a4 c6 11. Qd3 Bg4 12. Be3 Nd7 13. Nc1 Nf6 14. Nb3 a5 15. Rfe1 Be6 16. Rab1 Bd5 17. dxe5 Rxe5 18. c4 Bxg2 19. Qxd8+ Bxd8 20. Kxg2 b6 21. Red1 h6 22. Rd6 Rc8 23. Nd2 Ne4 24. Nxe4 Rxe4 25. Rd4 Re6 26. Kf3 Bc7 27. Rd7 c5 28. Rbd1 Rf6+ 29. Ke2 Re6 30. R1d5 Kf8 31. h4 Ke8 32. h5 Re7 33. Rxe7+ Kxe7 34. Kf3 Rd8 35. Ke4 Rd6 36. Rxd6 Bxd6 37. Kf5 Kd7 38. Bd2 Ke7 39. Bc3 f6 40. Kg6 Kf8 41. f4 Kg8 42. Bd2 Bf8 43. g4 Be7 44. Bc3 Bd6 45. g5 Bxf4 46. gxf6 gxf6 47. Bxf6 Kf8 48. Bg7+ Ke7 49. Bxh6 1-0